 Seeded DCSS version 0.30.1-9-gdf580d7c3d (webtiles) character file.

Game seed: 6351066067085065685 (custom seed)

970 Esekla the Thaumaturge (level 7, 0/36 HPs)
             Began as a Deep Elf Wanderer on Sept 26, 2023.
             Was a Believer of Vehumet.
             Slain by Pikel
             ... wielding a +1 whip of flaming
              (2 damage)
             ... on level 6 of the Dungeon.
             The game lasted 00:32:01 (3954 turns).

Esekla the Thaumaturge (Deep Elf Wanderer)          Turns: 3954, Time: 00:32:01

Health: 0/36       AC:  4    Str: 11    XL:     7   Next: 94%
Magic:  15/21      EV: 12    Int: 20    God:    Vehumet [**....]
Gold:   333        SH:  4    Dex: 14    Spells: 12/23 levels left

rFire   . . .        s - +5 rapier of the Hero {heavy, rN+ Dex+3}
rCold   . . .        d - +0 buckler
rNeg    + . .        c - +0 robe
rPois   .            k - +0 helmet
rElec   .            (no cloak)
rCorr   .            j - +0 pair of gloves
SInv    .            (no boots)
Will    .....        y - amulet of magic regeneration
Stlth   ++           (no ring)
HPRegen 0.26/turn    (no ring)
MPRegen 0.57/turn

%: no passive effects
@: brilliant
A: no striking features
a: Renounce Religion


You were on level 6 of the Dungeon.
You worshipped Vehumet.
Vehumet was pleased with you.
You visited 1 branch of the dungeon, and saw 6 of its levels.

You collected 333 gold pieces.

Inventory:

Hand Weapons
 r - a +0 spear
 s - the +5 rapier of the Hero (weapon) {heavy, rN+ Dex+3}
   (You found it on level 3 of the Dungeon)

   Dex:       It affects your dexterity (+3).
   rN:        It protects you from negative energy.
 x - a +2 vampiric dagger
Missiles
 D - 5 poisoned darts (quivered)
Armour
 c - a +0 robe (worn)
 d - a +0 buckler (worn)
 j - a +0 pair of gloves (worn)
 k - a +0 helmet (worn)
Jewellery
 y - an amulet of magic regeneration (around neck)
Wands
 h - a wand of roots (16)
 A - a wand of flame (15)
Scrolls
 a - a scroll of magic mapping {unknown}
 m - a scroll of enchant armour {unknown}
 n - 2 scrolls of amnesia {unknown}
 o - a scroll of immolation {unknown}
 p - 2 scrolls of blinking {unknown}
 u - 6 scrolls of identify {unknown}
 v - 2 scrolls of fog {unknown}
 w - a scroll of summoning {unknown}
 z - a scroll of silence {unknown}
 B - 2 scrolls of fear
 C - 3 scrolls of enchant weapon {unknown}
Potions
 b - 2 potions of lignification
 e - 2 potions of ambrosia {unknown}
 f - 3 potions of attraction {unknown}
 g - a potion of heal wounds {unknown}
 i - 5 potions of curing {unknown}
 l - a potion of mutation {unknown}
 q - a potion of haste {unknown}
 t - 2 potions of brilliance


   Skills:
 + Level 2.4 Short Blades
 + Level 0.2 Throwing
 * Level 2.8 Dodging
 + Level 2.5 Stealth
 + Level 1.8 Shields
 * Level 8.5 Spellcasting
 + Level 0.6 Conjurations
 * Level 4.7 Necromancy
 + Level 3.3 Translocations
 * Level 2.5 Air Magic
 + Level 1.0 Invocations


You had 12 spell levels left.
You knew the following spells:

 Your Spells              Type           Power      Damage    Failure   Level
a - Magic Dart            Conj           64%        1d6       9%          1
b - Blink                 Tloc           64%        N/A       4%          2
d - Vampiric Draining     Necr           41%        2d8       4%          3
e - Shock                 Conj/Air       88%        1d8       6%          1
p - Apportation           Tloc           64%        N/A       3%          1
t - Teleport Other        Tloc           32%        N/A       9%          3

Your spell library contained the following spells:

 Spells                   Type           Power      Damage    Failure   Level
 Foxfire                  Conj/Fire      56%        2x1d6     11%         1
 Lesser Beckoning         Tloc           64%        N/A       4%          2
 Gell's Gravitas          Tloc           32%        N/A       9%          3
 Ignite Poison            Fire/Tmut/Pois 12%        N/A       34%         3
 Spider Form              Tmut/Pois      12%        N/A       34%         3
 Cause Fear               Hex            6%         N/A       75%         4
 Summon Mana Viper        Hex/Summ       12%        N/A       97%         5


Dungeon Overview and Level Annotations

Branches:
Dungeon (6/15)             Temple (0/1) D:6

Altars:
Dithmenos
Hepliaklqana
Okawaru
Qazlal
Trog
Vehumet
Zin
The Shining One

Shops:
D:2 =   D:4 (

Annotations:
D:6 Pikel


Message History

Confirm with . or Enter, or press ? or * to list all spells.
Aiming: Vampiric Draining (dangerous; 4% risk of failure)
Press: ? - help, Shift-Dir - straight line, f/p - Pikel
Aim: Pikel, wielding a +1 whip of flaming, wearing a +0 robe and carrying a wand of roots (6) (lightly wounded, poisoned)
You feel a surge of power!
You draw life force from Pikel!
You feel life coursing into your body.
The lemure shouts!
Pikel looks more healthy.
Pikel barely misses you.
Casting: Vampiric Draining (dangerous; 4% risk of failure)
Confirm with . or Enter, or press ? or * to list all spells.
Aiming: Vampiric Draining (dangerous; 4% risk of failure)
Press: ? - help, Shift-Dir - straight line, f/p - Pikel
Aim: Pikel, wielding a +1 whip of flaming, wearing a +0 robe and carrying a wand of roots (6) (moderately wounded)
You feel a surge of power!
You draw life force from Pikel.
You feel life coursing into your body.
Pikel hits you with a +1 whip of flaming.
Pikel burns you.
Casting: Vampiric Draining (dangerous; 4% risk of failure)
Confirm with . or Enter, or press ? or * to list all spells.
Aiming: Vampiric Draining (dangerous; 4% risk of failure)
Press: ? - help, Shift-Dir - straight line, f/p - Pikel
Aim: Pikel, wielding a +1 whip of flaming, wearing a +0 robe and carrying a wand of roots (6) (moderately wounded)
You feel a surge of power!
You draw life force from Pikel.
You feel life coursing into your body.
Pikel hits you with a +1 whip of flaming!
* * * LOW HITPOINT WARNING * * *
Pikel burns you.
* * * LOW HITPOINT WARNING * * *
A lemure comes into view.
Casting: Vampiric Draining (dangerous; 4% risk of failure)
Confirm with . or Enter, or press ? or * to list all spells.
Aiming: Vampiric Draining (dangerous; 4% risk of failure)
Press: ? - help, Shift-Dir - straight line, f/p - Pikel
Aim: Pikel, wielding a +1 whip of flaming, wearing a +0 robe and carrying a wand of roots (6) (heavily wounded)
You feel a surge of power!
You draw life force from Pikel.
You feel life coursing into your body.
Pikel hits you with a +1 whip of flaming.
* * * LOW HITPOINT WARNING * * *
Pikel burns you.
You die...

###################
#.......K55..(5...#####.
#.##.##@#########.......
#.##.##.# #........
#.##.##.# #.#.#.#.#
#.##.##.# #(.......
#.......# #.#[.....
####.#### #####........
#.### #.....#...>..
#...# #......[.....
###.# #.....#......


You could see Pikel and 3 lemures.

Vanquished Creatures
  A sky beast (D:6)
  A black bear (D:2)
  An ogre (D:5)
  2 scorpions (D:5)
  A gnoll bouda (D:4)
  5 hounds
  A jelly (D:6)
  A sleepcap (D:5)
  4 iguanas
  9 gnolls
  8 adders
  2 white imps
  A worm (D:4)
  3 dart slugs
  9 orcs
  6 ball pythons
  4 bats
  4 endoplasms
  8 goblins
  5 hobgoblins
  A quokka (D:1)
  4 frilled lizards
  5 kobolds
  A rat (D:2)
87 creatures vanquished.

Notes
Turn   | Place    | Note
-------+----------+-------------------------------------------
     0 | D:1      | Esekla the Deep Elf Wanderer began the quest for the Orb.
     0 | D:1      | Esekla set off with the following items: a +0 club, a
                  | potion of lignification, a +0 robe, a +0 buckler; and the
                  | following spells available to memorise: Apportation, Blink,
                  | Lesser Beckoning, Magic Dart, Ignite Poison, Vampiric
                  | Draining.
     0 | D:1      | Reached XP level 1. HP: 10/10 MP: 7/7
    30 | D:1      | Learned a level 1 spell: Magic Dart
   176 | D:2      | Learned a level 1 spell: Apportation
   206 | D:2      | Found Renulab's Jewellery Shop.
   370 | D:4      | Found a radiant altar of Vehumet.
   378 | D:4      | Found an iron altar of Okawaru.
   389 | D:4      | Found a glowing silver altar of Zin.
   473 | D:4      | Became a worshipper of Vehumet
   574 | D:3      | Reached XP level 2. HP: 15/15 MP: 7/9
   603 | D:3      | Learned a level 2 spell: Blink
   716 | D:3      | Reached skill level 5 in Spellcasting
   873 | D:3      | Identified the +5 rapier of the Hero {heavy, rN+ Dex+3}
                  | (You found it on level 3 of the Dungeon)
  1091 | D:1      | Reached XP level 3. HP: 19/19 MP: 9/11
  1166 | D:1      | Learned a level 3 spell: Vampiric Draining
  1208 | D:1      | Reached * piety under Vehumet
  1208 | D:1      | Offered knowledge of Shock by Vehumet.
  1356 | D:1      | Reached skill level 1 in Dodging
  1376 | D:1      | Learned a level 3 spell: Teleport Other
  1378 | D:1      | Learned a level 1 spell: Shock
  1636 | D:3      | Found a stormy altar of Qazlal.
  1647 | D:3      | Reached XP level 4. HP: 24/24 MP: 10/13
  1651 | D:3      | Found a bloodstained altar of Trog.
  1653 | D:3      | Found a hazy altar of Hepliaklqana.
  1665 | D:3      | Reached skill level 1 in Short Blades
  1665 | D:3      | Reached skill level 1 in Necromancy
  1885 | D:4      | Found a glowing golden altar of the Shining One.
  1955 | D:4      | Reached skill level 1 in Air Magic
  1958 | D:4      | Reached XP level 5. HP: 24/28 MP: 12/15
  1995 | D:4      | Reached skill level 6 in Spellcasting
  2027 | D:5      | Entered Level 5 of the Dungeon
  2031 | D:5      | Got the Parchment of the Lumpy Olives
  2046 | D:5      | Found a shadowy altar of Dithmenos.
  2290 | D:5      | Reached XP level 6. HP: 22/32 MP: 4/17
  2352 | D:5      | Reached skill level 7 in Spellcasting
  2633 | D:4      | Found Ponaysk's Antique Weapon Boutique.
  3074 | D:2      | Found a faded altar of an unknown god.
  3218 | D:2      | Offered knowledge of Foxfire by Vehumet.
  3219 | D:2      | Reached XP level 7. HP: 26/36 MP: 13/19
  3388 | D:5      | Reached ** piety under Vehumet
  3568 | D:5      | Reached skill level 8 in Spellcasting
  3855 | D:6      | Found a staircase to the Ecumenical Temple.
  3932 | D:6      | Noticed Pikel
  3954 | D:6      | Slain by Pikel

Illustrated notes

Levels and vault maps discovered:
D:1:      sevenhm_arrival_forest_fort_small_3, layout_rooms,
          chequers_serial_rivers_room_b, minmay_misc_feat_five
D:2:      layout_loops_ring, dreamdust_ecumenical_altar_angels_and_demons,
          serial_shops, shop
D:3:      layout_basic, grunt_temple_overflow_open, minmay_misc_feat_iff
D:4:      layout_basic, nicolae_overflow_quartered_altars, serial_shops,
          nicolae_diamond_shop
D:5:      layout_loops_ring, lemuel_doored_altar, minmay_misc_feat_rows,
          dreamdust_wishing_well
D:6:      layout_loops_cross, fedhas_altar_fruit_tree,
          minmay_temple_entry_glass, uniq_pikel, uniq_blork_the_orc

Skill      XL: |  1  2  3  4  5  6  7 |
---------------+----------------------+-----
Spellcasting   | 5 6 7 8 |  8.5
Dodging        | 1 2 |  2.8
Stealth        | 2 |  2.5
Short Blades   | 1 2 |  2.4
Necromancy     | 1 2 3 4 |  4.7
Air Magic      | 1 2 |  2.5
Translocations | 3 |  3.3
Throwing       | |  0.2
Shields        | |  1.8
Conjurations   | |  0.6
Invocations    | |  1.0

Action                     |  1- 3 |  4- 6 |  7- 9 || total
---------------------------+-------+-------+-------++-------
  Melee: Short sword       |    15 |       |       ||    15
         Rapier            |    41 |    45 |    27 ||   113
         Dagger            |       |     8 |    13 ||    21
  Throw: Dart              |       |     5 |    10 ||    15
   Cast: Apportation       |    31 |    12 |    13 ||    56
         Magic Dart        |    42 |    32 |     2 ||    76
         Vampiric Draining |       |    24 |    16 ||    40
         Shock             |       |     8 |       ||     8
         Blink             |       |       |     1 ||     1
    Use: Scroll            |     1 |       |       ||     1
         Potion            |       |       |     1 ||     1
   Stab: Sleeping          |     5 |     2 |     3 ||    10
 Armour: Robe              |    30 |    13 |    11 ||    54
  Dodge: Dodged            |    62 |    42 |    38 ||   142
  Block: Buckler           |    18 |    11 |    10 ||    39
